 Dungeon Crawl Stone Soup version 0.25.0-46-gbd7b0854d2 (console) character file.

Game seed: 962592359102347128

116 Colgate the Charlatan (level 4, -1/35 HPs)
             Began as a Draconian Artificer on July 14, 2020.
             Slain by a bullfrog (6 damage)
             ... in a sewer.
             The game lasted 00:26:21 (1791 turns).

Colgate the Charlatan (Draconian Artificer)         Turns: 1791, Time: 00:26:22

Health: -1/35      AC:  6    Str: 14    XL:     4   Next: 69%
Magic:  7/7        EV: 12    Int: 11    God:
Gold:   50         SH:  0    Dex: 13    Spells: 3/3 levels left

rFire    . . .     SeeInvis .   q - +0 rapier
rCold    . . .     Gourm    .   (no shield)
rNeg     . . .     Faith    .   (armour unavailable)
rPois    .         Spirit   .   (helmet restricted)
rElec    .         Reflect  .   (no cloak)
rCorr    .         Harm     .   e - +0 pair of gloves
MR       .....                  (no boots)
Stlth    ++........             (no amulet)
HPRegen  0.11/turn              (no ring)
MPRegen  0.10/turn              (no ring)

@: no status effects
A: unfitting armour, cold-blooded, AC +5
a: no special abilities


You were in a sewer.
You were not hungry.

You visited 1 branch of the dungeon, and saw 4 of its levels.
You also visited: Sewer.

You collected 50 gold pieces.

Inventory:

Hand Weapons
 l - a +0 whip
 n - a +0 mace
 o - a +0 spear
 q - a +0 rapier (weapon)
Missiles
 h - 29 stones (quivered)
 s - 22 arrows
 t - 6 bolts
Armour
 e - a +0 pair of gloves (worn)
Wands
 c - a wand of enslavement (9)
Scrolls
 m - 2 scrolls of identify {unknown}
Potions
 j - a potion of curing {unknown}
 p - a potion of haste {unknown}
 r - a potion of ambrosia {unknown}
Comestibles
 a - a chunk of flesh
 f - 6 rations


   Skills:
 - Level 1.1 Fighting
 + Level 2.3 Short Blades
 - Level 1.7 Dodging
 - Level 0.8 Stealth
 - Level 5.0 Evocations


You had 3 spell levels left.
You didn't know any spells.
Your spell library was empty.

Dungeon Overview and Level Annotations

Branches:
Dungeon (4/15)              Sewer (1/1)
 Temple: D:4-7

Altars:

Annotations:
D:3 1 transporter, Quickbrownfox's ghost, amateur DsVM


Innate Abilities, Weirdness & Mutations

Your plain brown scales are hard. (AC +5)
You cannot fit into any form of body armour.
You are cold-blooded and may be slowed by cold attacks.


Message History

Aiming: Throw Flame
Press: ? - help, Shift-Dir - straight line, f/p - bullfrog
Aim: a bullfrog (severely wounded)
The puff of flame misses the bullfrog.
The bullfrog croaks.
The now-empty wand crumbles to dust.
The bullfrog hits you. x2
Evoke which item? (* to show all) (? for menu, Esc to quit)
Aiming: Enslavement
Press: ? - help, Shift-Dir - straight line, f/p - bullfrog
Aim: a bullfrog (severely wounded, chance to defeat MR: 61%)
The bullfrog resists with significant effort.
The bullfrog completely misses you.
Evoke which item? (* to show all) (? for menu, Esc to quit)
Aiming: Enslavement
Press: ? - help, Shift-Dir - straight line, f/p - bullfrog
Aim: a bullfrog (severely wounded, chance to defeat MR: 61%)
The bullfrog is charmed.
The bullfrog hits you!
* * * LOW HITPOINT WARNING * * *
You swap places.
The bullfrog hits you.
You die...

#.# #.≈≈≈≈≈≈≈≈≈?.≈ #.#
### #.≈≈≈≈≈≈≈≈≈≈≈≈ #.#
#.≈≈≈≈≈≈≈≈≈≈..≈≈≈≈ #.#
#.≈≈≈≈≈≈≈≈..≈.≈≈≈# #≈#
#.≈≈≈≈≈≈≈≈≈≈..∩≈≈# #≈#
#.≈≈≈≈≈≈≈≈≈≈.≈≈≈≈# #≈#
#.≈≈≈≈≈≈≈≈≈≈≈≈≈≈# #≈#
#.≈≈≈≈≈≈≈≈≈≈≈≈≈≈# #.#
#.≈≈≈.≈≈≈≈≈≈≈≈≈# #≈#
#.≈≈≈.F≈≈≈≈≈≈≈########≈#
#.≈≈≈≈F@§≈≈§≈≈≈≈≈≈.≈≈≈≈#
#.≈≈≈≈≈≈≈≈≈≈≈≈≈≈≈≈≈≈≈≈≈#
#.≈≈≈≈≈≈≈≈≈≈≈≈≈≈≈≈≈≈≈≈.#
#..≈≈≈≈≈≈≈≈≈≈≈≈≈≈≈≈≈≈≈.#
##.....≈.≈≈.≈≈≈≈.......#
#######################


You could see a bullfrog and a friendly bullfrog (charmed).

Vanquished Creatures
  7 adders
  A worm (D:4)
  2 dart slugs
  4 leopard geckos (Sewer)
  3 bats
  9 giant cockroaches
  A goblin (D:3)
  2 hobgoblins
  4 jackals (D:2)
  3 kobolds
  A quokka (D:4)
  3 ball pythons (Sewer)
  4 frilled lizards
  A rat (D:3)
45 creatures vanquished.

Vanquished Creatures (collateral kills)
  A hobgoblin (D:3)
  A ball python (D:3)
  A rat (D:3)
3 creatures vanquished.

Vanquished Creatures (others)
  An adder (D:3)
1 creature vanquished.

Grand Total: 49 creatures vanquished

Notes
Turn   | Place    | Note
-------+----------+-------------------------------------------
     0 | D:1      | Colgate the Draconian Artificer began the quest for the
                  | Orb.
     0 | D:1      | Reached XP level 1. HP: 16/16 MP: 3/3
   304 | D:1      | Reached XP level 2. HP: 23/23 MP: 4/4
   739 | D:2      | Reached skill level 4 in Evocations
   753 | D:2      | You fall into a shaft and drop 2 floors!
   915 | D:4      | Reached XP level 3. HP: 28/28 MP: 6/6
  1083 | D:3      | Noticed Quickbrownfox's ghost (amateur DsVM)
  1114 | D:3      | Found a transporter.
  1149 | D:3      | Found a glowing drain.
  1187 | Sewer    | Entered a sewer
  1194 | Sewer    | Reached XP level 4. HP: 30/35 MP: 7/7
  1224 | Sewer    | Reached skill level 5 in Evocations
  1765 | Sewer    | Noticed a bullfrog
  1779 | Sewer    | Noticed a bullfrog
  1791 | Sewer    | Slain by a bullfrog

Illustrated notes

Levels and vault maps discovered:
D:1:      nzn_arrival_water_spiral, layout_loops_ring, hex_large,
          chequers_serial_rivers_micro_d
D:2:      layout_loops_ring, tso_altar, xom_teletrap_fun
D:3:      layout_basic, gup_sewer_entry_glass, gammafunk_ghost_mausoleum,
          chequers_serial_rivers_micro_a, minmay_misc_feat_ornament,
          st_stairs_3, chequers_big_river
D:4:      layout_basic, lemuel_doored_altar, serial_shops, shop, first_ration
Sewer:    sewer_frog_island_01

Skill      XL: |  1  2  3  4 |
---------------+-------------+-----
Evocations     | 4 5 |  5.0
Short Blades   | 2 |  2.3
Fighting       | |  1.1
Dodging        | |  1.7
Stealth        | |  0.8

Action                   |  1- 3 |  4- 6 || total
-------------------------+-------+-------++-------
Melee: Short sword       |     9 |       ||     9
       Tailslap          |     6 |     5 ||    11
       Mace              |    10 |       ||    10
       Rapier            |    36 |    32 ||    68
       Spear             |     2 |       ||     2
Throw: Stone             |    10 |    26 ||    36
Evoke: Wand              |    24 |    12 ||    36
  Use: Scroll            |     3 |       ||     3
 Stab: Sleeping          |     1 |       ||     1
  Eat: Chunk             |     1 |     2 ||     3
Armor: Skin              |    23 |    14 ||    37
Dodge: Dodged            |    42 |    12 ||    54
